AoeStats
← Reis

MegaRandom

505822851Analyzed
4v4 RM · 22d ago on Sep 11, 2026· 11m 9s· 8 players
Game mode
Random Map
Map size
Large (8 player)
Population
200
Speed
Normal
Resources
Standard
Victory
Conquest
Starting age
Dark Age
Ending age
Imperial Age
RankedLock teamsTeams togetherTeam positionsShared explorationLock speedFull tech treeHidden civsTurbo modeCheats
Victory
Defeat
🇻🇳 Mongols · Vietnam
1430
+14
🇨🇳 Burgundians · China
1420
+14
🇨🇳 Persians · China
1360
+17
🇨🇳 Persians · China
1319
+17
🇨🇭 Bulgarians · Switzerland
1443
-19
🇨🇦 Magyars · Canada
1389
-16
🇹🇼 Ethiopians · Taiwan
1345
-14
🇨🇳 Franks · China
1320
-13
Nhitty
8:59 Loom
11:11 Feudal Age
popo770723
6:51 Loom
11:43 Feudal Age
Reis
10:37 Feudal Age
JustShutUpandCarryMe
6:55 Loom
9:57 Feudal Age
This is Kawaii
8:05 Feudal Age
8:08 Loom
9:25 Double-Bit Axe
2067
3:36 Loom
11:11 Feudal Age
人在江湖
0:46 Loom
10:38 Feudal Age
秦墨子
7:37 Loom
9:37 Feudal Age
Connection lost

Rejoining the realm…

Still unreachable

The connection could not be restored.

Session expired

The server has moved on; the page needs a fresh start.